 Dungeon Crawl Stone Soup version 0.20.1-1-g8b1a95d (webtiles) character file.

2716 Minstaer the Carver (level 9, -1/50 HPs)
             Began as a Halfling Skald on Nov 4, 2017.
             Was a Follower of Hepliaklqana.
             Slain by an orc warrior
             ... wielding a +0 halberd
              (3 damage)
             ... on level 7 of the Dungeon.
             The game lasted 00:39:29 (8587 turns).

Minstaer the Carver (Halfling Skald)                Turns: 8587, Time: 00:39:30

Health: -1/50      AC:  8    Str: 13    XL:     9   Next: 98%
Magic:  20/22      EV: 14    Int: 11    God:    Hepliaklqana [*.....]
Gold:   474        SH:  6    Dex: 16    Spells: 5/13 levels left

rFire    . . .     SeeInvis .   a - +3 falchion (elec)
rCold    . . .     Gourm    .   v - +0 buckler
rNeg     + . .     Faith    .   E - +0 leather armour
rPois    .         Spirit   .   J - +2 helmet
rElec    .         Reflect  .   K - +0 cloak
rCorr    .         Harm     .   x - +0 pair of gloves
MR       .....                  (no boots)
Stlth    +.........             (no amulet)
Regen    0.2/turn               e - ring of positive energy
MPRegen  0.2/turn               G - ring of magical power

@: no status effects
A: reduced essence, mutation resistance 1
a: Recall Ancestor, Ancestor Identity, Renounce Religion


You were on level 7 of the Dungeon.
You worshipped Hepliaklqana.
Hepliaklqana was aware of your devotion.
You were not hungry.

You visited 2 branches of the dungeon, and saw 9 of its levels.

You collected 474 gold pieces.

Inventory:

Hand Weapons
 a - a +3 falchion of electrocution (weapon)
 b - a +0 hunting sling
 M - a +6 rapier
Missiles
 f - 267 stones (quivered)
 i - 88 bolts
 m - 110 arrows
 o - a throwing net
 D - 83 sling bullets
 I - 19 poisoned needles
 N - 3 tomahawks
Armour
 r - a cursed +0 ring mail
 t - a +0 shield
 v - a +0 buckler (worn)
 x - a +0 pair of gloves (worn)
 E - a +0 leather armour (worn)
 J - a +2 helmet (worn)
 K - a +0 cloak (worn)
Jewellery
 e - a ring of positive energy (left hand)
 G - a ring of magical power (right hand)
Wands
 L - a wand of digging (14/24)
 O - a wand of flame (19/48)
 Q - a wand of scattershot (4/9)
Scrolls
 g - 2 scrolls of immolation
 h - 6 scrolls of remove curse
 q - 2 scrolls of fear {unknown}
 u - 3 scrolls of fog
 w - 3 scrolls of identify
 y - 2 scrolls of recharging {unknown}
 C - 2 scrolls of magic mapping
 F - a scroll of amnesia {unknown}
 H - 3 scrolls of teleportation {unknown}
 P - a scroll of vulnerability {unknown}
Potions
 j - 2 potions of brilliance {unknown}
 k - 5 potions of curing {unknown}
 p - 2 potions of resistance
 s - a potion of agility
 z - 2 potions of mutation {unknown}
 B - 3 potions of lignification {unknown}
Books
 c - a book of Battle

   Spells                             Type                      Level
   a - Infusion                       Charms                       1
   b - Shroud of Golubria             Charms/Translocation         2
   c - Song of Slaying                Charms                       2
   d - Spectral Weapon                Hexes/Charms                 3
   e - Regeneration                   Charms/Necromancy            3
Comestibles
 d - 6 bread rations
 l - 3 fruits
 n - 7 chunks of flesh
 A - 2 meat rations


   Skills:
 - Level 3.0 Fighting
 - Level 6.1(9.0) Short Blades
 - Level 8.6(9.2) Long Blades
 - Level 1.1 Armour
 - Level 2.1 Dodging
 - Level 5.8 Shields
 + Level 2.7 Spellcasting
 * Level 6.1 Charms


You had 5 spell levels left.
You knew the following spells:

 Your Spells              Type           Power        Failure   Level  Hunger
a - Infusion              Chrm           ###.         2%          1    #......
b - Song of Slaying       Chrm           ###.....     4%          2    ###....
c - Shroud of Golubria    Chrm/Tloc      #.........   14%         2    ###....
d - Spectral Weapon       Hex/Chrm       #.......     28%         3    ###....


Dungeon Overview and Level Annotations

Branches:
Dungeon (8/15)             Temple (1/1) D:5
   Lair: D:8-11

Altars:
Ashenzari
Cheibriados
Dithmenos
Elyvilon
Fedhas
Gozag
Hepliaklqana
Kikubaaqudgha
Makhleb
Nemelex Xobeh
Okawaru
Qazlal
Ru
Sif Muna
Trog
Uskayaw
Vehumet
Xom
Yredelemnul
Zin
The Shining One


Innate Abilities, Weirdness & Mutations

You are small and have problems with some larger weapons.
You are somewhat resistant to further mutation.
Your life essence is reduced to manifest your ancestor. (-10% HP)


Message History

Khenut is destroyed!
The orc warrior shouts!
Casting: Spectral Weapon
Confirm with . or Enter, or press ? or * to list all spells.
You draw out your weapon's spirit!
You hear a shout!
You swap places.
The orc warrior hits you with a halberd!
You hit the orc warrior but do no damage.
The orc warrior is severely wounded.
Your spectral weapon closely misses the orc warrior.
You hit the orc warrior but do no damage.
The orc warrior is severely wounded.
Your spectral weapon closely misses the orc warrior.
The orc hits you but does no damage.
The orc warrior hits you with a halberd!
* * * LOW HITPOINT WARNING * * *
The orc barely misses your spectral weapon.
The orc warrior hits you from afar with a halberd.
You die...

#.# ####..... #.
###.# ......... #.#
#...##.###..##o
#.####.#.#...##..##o
#.....)..o.#........
#.###.##.#)..###.##.
#.###.##.##o## #.##.
#.#..(##.##o.###.##.
#..@.oo..##....o....
#.#.########.###.##.
#.#.# #.##...#.
#.#.# ######.#.....#
#.#.# #..).>.o......
#.#.###.##.#.#.....#
#.#.#.....)#.##...#.
#.#.#......#.###.###
#..........#.###....


You could see an orc warrior, an orc and a friendly spectral falchion of
electrocution.

Vanquished Creatures
  Pikel (D:5)
  A hippogriff (D:8)
  Sigmund (D:6)
  Eustachio (D:5)
  A sky beast (D:8)
  An ogre (D:5)
  2 bullfrogs
  6 killer bees
  A scorpion (D:7)
  2 crimson imps (D:6)
  A jelly (D:6)
  2 orc priests
  3 hounds
  Crazy Yiuf (D:5)
  7 orc wizards
  2 worker ants (D:6)
  A hound skeleton (D:6)
  13 adders
  2 shadow imps (D:6)
  2 adder skeletons (D:6)
  5 worms
  3 dart slugs
  3 leopard geckos
  15 orcs
  A ball python (D:1)
  6 bats
  6 giant cockroaches
  8 goblins
  6 hobgoblins
  5 jackals
  4 quokkas
  6 frilled lizards
  12 kobolds
  9 rats
140 creatures vanquished.

Vanquished Creatures (collateral kills)
  A sky beast (D:6)
  An ice beast (D:6)
  A bullfrog (D:6)
  A jelly (D:5)
  3 orc wizards
  An iguana (D:7)
  A worker ant zombie (D:5)
  7 orcs
16 creatures vanquished.

Vanquished Creatures (others)
  3 ancestors
  A fungus (D:5)
4 creatures vanquished.

Grand Total: 160 creatures vanquished

Notes
Turn   | Place    | Note
-------+----------+-------------------------------------------
     0 | D:1      | Minstaer the Halfling Skald began the quest for the Orb.
     0 | D:1      | Reached XP level 1. HP: 14/14 MP: 3/3
   335 | D:1      | Reached XP level 2. HP: 18/19 MP: 4/4
   700 | D:1      | Reached XP level 3. HP: 12/24 MP: 5/5
  1856 | D:1      | Reached XP level 4. HP: 8/30 MP: 6/6
  2901 | D:3      | Reached skill level 5 in Short Blades
  2901 | D:3      | Reached skill level 1 in Shields
  2901 | D:3      | Reached XP level 5. HP: 15/36 MP: 1/7
  3089 | D:3      | Learned a level 2 spell: Song of Slaying
  3092 | D:3      | Learned a level 2 spell: Shroud of Golubria
  3977 | D:3      | Reached XP level 6. HP: 42/42 MP: 5/8
  4387 | D:4      | Found a burning altar of Makhleb.
  4640 | D:4      | Found a sacrificial altar of Ru.
  4836 | D:4      | Found a hazy altar of Hepliaklqana.
  4836 | D:4      | Found an ancient bone altar of Kikubaaqudgha.
  4847 | D:4      | Became a worshipper of Hepliaklqana the Forgotten
  5020 | D:5      | Entered Level 5 of the Dungeon
  5048 | D:5      | Reached skill level 1 in Long Blades
  5130 | D:5      | Noticed Eustachio
  5154 | D:5      | Killed Eustachio
  5154 | D:5      | Reached skill level 2 in Long Blades
  5154 | D:5      | Reached XP level 7. HP: 13/41 MP: 9/9
  5440 | D:5      | Reached skill level 3 in Long Blades
  5476 | D:5      | Found a staircase to the Ecumenical Temple.
  5480 | Temple   | Entered the Ecumenical Temple
  6078 | D:5      | Reached * piety under Hepliaklqana
  6130 | D:5      | Noticed Pikel
  6138 | D:5      | Killed Pikel
  6138 | D:5      | Reached skill level 4 in Long Blades
  6138 | D:5      | Reached skill level 5 in Shields
  6138 | D:5      | Reached XP level 8. HP: 45/46 MP: 10/10
  6158 | D:5      | Found a runed door.
  6286 | D:5      | Reached skill level 5 in Long Blades
  6708 | D:5      | Noticed Crazy Yiuf
  6712 | D:5      | Killed Crazy Yiuf
  6833 | D:6      | Reached skill level 6 in Long Blades
  6897 | D:6      | Found a sparkling altar of Nemelex Xobeh.
  6983 | D:6      | Reached skill level 7 in Long Blades
  6983 | D:6      | Reached XP level 9. HP: 44/50 MP: 11/11
  7149 | D:6      | Noticed Sigmund
  7166 | D:6      | Killed Sigmund
  7166 | D:6      | Reached skill level 8 in Long Blades
  7681 | D:8      | Reached skill level 5 in Charms
  7807 | D:8      | Noticed a hippogriff
  7812 | D:8      | Killed a hippogriff
  8498 | D:7      | Learned a level 3 spell: Spectral Weapon
  8586 | D:7      | HP: 2/50 [orc warrior/halberd (14)]
  8587 | D:7      | Slain by an orc warrior

Skill      XL: |  1  2  3  4  5  6  7  8  9 |
---------------+----------------------------+-----
Fighting       | 2 3 |  3.0
Short Blades   | 3 4 5 6 |  6.1
Shields        | 1 3 5 |  5.8
Long Blades    | 2 4 7 8 |  8.6
Charms         | 6 |  6.1
Spellcasting   | 2 |  2.7
Armour         | |  1.1
Dodging        | |  2.1

Action                   |  1- 3 |  4- 6 |  7- 9 || total
-------------------------+-------+-------+-------++-------
Melee: Short sword       |   179 |   228 |       ||   407
       Falchion          |       |    30 |   167 ||   197
 Fire: Hunting sling     |       |     8 |    10 ||    18
 Cast: Infusion          |     1 |    11 |     2 ||    14
       Song of Slaying   |       |     1 |       ||     1
       Shroud of Golubri |       |       |     1 ||     1
       Spectral Weapon   |       |       |     2 ||     2
Invok: Ancestor Identity |       |       |     1 ||     1
  Use: Scroll            |       |     7 |     1 ||     8
 Stab: Sleeping          |       |     2 |       ||     2
       Distracted        |       |       |     2 ||     2
  Eat: Meat ration       |     1 |       |       ||     1
       Chunk             |       |     9 |    10 ||    19
       Royal jelly       |       |       |     1 ||     1
Armor: Leather armour    |    43 |    37 |    31 ||   111
Dodge: Dodged            |   133 |   149 |   109 ||   391
Block: Buckler           |       |    20 |    52 ||    72
       Rpst.: Falchion   |       |     8 |    31 ||    39
